 Dungeon Crawl Stone Soup version 0.31-a0-133-gaae73658be (webtiles) character file.

Game seed: 13544207525108026791

40 mopl the Stinger (level 3, -1/24 HPs)
             Began as a Formicid Venom Mage on June 2, 2023.
             Slain by an ice beast (6 damage)
             ... on level 3 of the Dungeon.
             The game lasted 00:01:52 (1789 turns).

mopl the Stinger (Formicid Venom Mage)              Turns: 1789, Time: 00:01:52

Health: -1/24      AC:  2    Str: 12    XL:     3   Next: 72%
Magic:  7/7        EV: 12    Int: 16    God:
Gold:   99         SH:  0    Dex: 14    Spells: 7/8 levels left

rFire   . . .        c - +4 dagger
rCold   . . .        (no shield)
rNeg    . . .        a - +0 robe
rPois   .            (helmet unavailable)
rElec   .            (no cloak)
rCorr   .            (no gloves)
SInv    +            (no boots)
Will    .....        (no amulet)
Stlth   ++           f - +4 ring of slaying
HPRegen 0.24/turn    (no ring)
MPRegen 0.10/turn

%: no passive effects
@: no status effects
A: permanent stasis, dig shafts and tunnels, antennae 3, four strong arms
a: Dig, Shaft Self


You were on level 3 of the Dungeon.
You visited 1 branch of the dungeon, and saw 3 of its levels.

You collected 99 gold pieces.

Inventory:

Hand Weapons
 c - a +4 dagger (weapon)
 j - the +2 flail "Ukyos" {flame, Int+2}
   (You found it on level 2 of the Dungeon)

   Int:       It affects your intelligence (+2).
Missiles
 o - 2 poisoned darts
Armour
 a - a +0 robe (worn)
Jewellery
 f - a +4 ring of slaying (left hand)
Scrolls
 g - a scroll of blinking {unknown}
 i - a scroll of magic mapping {unknown}
 l - a scroll of identify {unknown}
Potions
 b - a potion of magic
 d - a potion of might {unknown}
 e - a potion of haste {unknown}
 h - a potion of resistance {unknown}
 k - a potion of brilliance {unknown}
 m - a potion of cancellation {unknown}
 n - a potion of berserk rage {unknown}


   Skills:
 - Level 1.7 Dodging
 - Level 2.4 Stealth
 - Level 3.0 Spellcasting
 - Level 1.1 Transmutations
 + Level 5.2 Poison Magic


You had 7 spell levels left.
You knew the following spells:

 Your Spells              Type           Power      Damage    Failure   Level
a - Sting                 Tmut/Pois      48%        1d5       4%          1

Your spell library contained the following spells:

 Spells                   Type           Power      Damage    Failure   Level
 Poisonous Vapours        Pois/Air       20%        N/A       10%         2
 Olgreb's Toxic Radiance  Pois           19%        N/A       22%         4
 Mephitic Cloud           Conj/Pois/Air  8%         N/A       26%         3


Dungeon Overview and Level Annotations

Branches:
Dungeon (3/15)

Altars:
Qazlal

Shops:
D:3 :


Innate Abilities, Weirdness & Mutations

You cannot be hasted, slowed, berserked, paralysed or teleported.
You can dig through walls and to a lower floor.
You have a pair of large antennae on your head. (SInv)
Your four strong arms can wield two-handed weapons with a shield.


Message History

The kobold shouts!
Found a stone staircase leading down.
The sting hits the kobold.
The kobold is poisoned.
The kobold is moderately wounded.
The kobold hits you with a +0 dagger.
You closely miss the kobold.
The kobold is moderately wounded.
The kobold closely misses you.
You hit the kobold.
You kill the kobold!
There is an open door here.
Things that are here:
a +0 dagger; a stone; a kobold corpse HP restored.
Magic restored.
An ice beast comes into view.
An ice beast is nearby!
The helpless ice beast fails to defend itself.
You puncture the ice beast!
The ice beast is moderately wounded.
The ice beast closely misses you.
You hit the ice beast but do no damage.
The ice beast is moderately wounded.
The ice beast misses you.
You hit the ice beast.
The ice beast is moderately wounded.
The ice beast hits you. The ice beast freezes you!
Ouch! That really hurt!
* * * LOW HITPOINT WARNING * * *
You are too injured to fight recklessly!
You are too injured to fight recklessly!
You puncture the ice beast! You punch the ice beast.
The ice beast is severely wounded.
The ice beast misses you.
You closely miss the ice beast.
The ice beast is severely wounded.
The ice beast hits you.
* * * LOW HITPOINT WARNING * * *
The ice beast freezes you.
You die...

### ..# #.# .# #.#
##[#######
#.########..... ..####
..............# #.#..
#.########..#.# #.#.#
#.## ##....###.#.####
...######≈≈####Y@......#
.....'..∩..<..+.#.#.##.#
##.############...#.##.#
#.# #...# #####.##.###.#
#.# ###.# #........# #.#
##+## ####.##### #.#
##...## #.# ##.#
##.....## ##.### ...#
##.......## ##....##


You could see an ice beast.

Vanquished Creatures
  A dart slug (D:2)
  4 endoplasms
  A giant cockroach (D:2)
  A goblin (D:2)
  5 hobgoblins
  4 jackals (D:2)
  4 kobolds
  3 quokkas
  5 ball pythons
  A bat (D:1)
  4 frilled lizards
  A rat (D:1)
34 creatures vanquished.

Notes
Turn   | Place    | Note
-------+----------+-------------------------------------------
     0 | D:1      | mopl the Formicid Venom Mage began the quest for the Orb.
     0 | D:1      | Reached XP level 1. HP: 13/13 MP: 3/3
   296 | D:1      | Reached XP level 2. HP: 19/19 MP: 3/5
   980 | D:2      | Reached XP level 3. HP: 24/24 MP: 5/7
  1032 | D:2      | Reached skill level 3 in Spellcasting
  1099 | D:2      | Identified the +2 flail "Ukyos" {flame, Int+2}
  1186 | D:2      | Found a stormy altar of Qazlal.
  1267 | D:2      | Reached skill level 5 in Poison Magic
  1654 | D:3      | Found Qoerocwu's Book Shop.
  1781 | D:3      | Noticed an ice beast
  1789 | D:3      | Slain by an ice beast

Illustrated notes

Levels and vault maps discovered:
D:1:      saegor_arrival_simple_b, layout_basic
D:2:      layout_basic, basic_altar
D:3:      layout_loops_corners, serial_shops, nicolae_shop_hallway_stairs

Skill      XL: |  1  2  3 |
---------------+----------+-----
Spellcasting   | 3 |  3.0
Poison Magic   | 5 |  5.2
Dodging        | |  1.7
Stealth        | |  2.4
Transmutations | |  1.1

Action                     || total
---------------------------++-------
  Melee: Dagger            ||    44
         Unarmed           ||     1
         Punch             ||     2
   Cast: Sting             ||    23
   Stab: Sleeping          ||     5
 Armour: Robe              ||     7
  Dodge: Dodged            ||    25

Table legend: (Time is in decaauts)
 A = Elapsed time spent in this place.
 B = Non-inter-level travel time spent in this place.
 C = Inter-level travel time spent in this place.
 D = Time resting spent in this place.
 E = Time spent auto-exploring this place.
 F = Levels seen in this place.
 G = Mean time per level.
                   A        B        C        D        E       F      G
               +--------+--------+--------+--------+--------+-----+--------+
         Total |   1787 |   1703 |     84 |      0 |   1484 |   3 |  595.7 |
       Dungeon |   1787 |   1703 |     84 |      0 |   1484 |   3 |  595.7 |
               +--------+--------+--------+--------+--------+-----+--------+

Top non-repeatable levels by time:
     D:1: 946 daAuts
     D:2: 706 daAuts
     D:3: 134 daAuts
